 Dungeon Crawl Stone Soup version 0.29.1-13-g9f3cf754e1 (webtiles) character file.

Game seed: 15570563444405080902

1484 javelincjr the Magician (level 9, 0/58 HPs)
             Began as a Djinni Conjurer on Feb 7, 2023.
             Was an Elder of Lugonu.
             Shot with an arrow by a centaur (10 damage)
             ... on level 6 of the Dungeon.
             The game lasted 00:24:27 (6897 turns).

javelincjr the Magician (Djinni Conjurer)           Turns: 6897, Time: 00:24:27

Health: 0/58       AC:  8    Str: 10    XL:     9   Next: 7%
Gold:   1121       EV: 13    Int: 19    God:    Lugonu [****..] SH:  0 Dex: 13

rFire   + + .      SeeInvis .   r - +4 short sword (flame)
rCold   . . .      Faith    .   (no shield)
rNeg    + . .      Spirit   .   a - +0 robe
rPois   ∞          Reflect  .   t - +2 helmet
rElec   .          Harm     .   w - +0 cloak
rCorr   .          Rampage  .   z - +1 Delatra's gloves {ID++}
Will    .....                   (boots unavailable)
Stlth   ++........              (no amulet)
HPRegen 0.19/turn               o - ring of protection from cold
MPRegen 0.00/turn               D - ring of positive energy

@: animating dead, flying
A: sickness immunity, fire resistance 2, cold vulnerability 1, float, innate
caster, HP casting, extra vitality 1
a: Renounce Religion, Depart the Abyss, Bend Space, Banish, Corrupt


You were on level 6 of the Dungeon.
You worshipped Lugonu.
Lugonu was greatly pleased with you.
You visited 1 branch of the dungeon, and saw 6 of its levels.

You collected 1121 gold pieces.

Inventory:

Hand Weapons
 f - a +1 dagger of venom
 r - a +4 short sword of flaming (weapon)
 v - a +2 quarterstaff of chaos
Missiles
 d - 4 atropa-tipped darts
 l - 6 poisoned darts
Armour
 a - a +0 robe (worn)
 p - a +0 buckler
 t - a +2 helmet (worn)
 w - a +0 cloak (worn)
 y - a +0 robe of fire resistance
 z - the +1 Delatra's gloves (worn) {ID++}
   (You found it on level 5 of the Dungeon)

   It heals its wearer when they drink unknown potions.
   It restores its wearer's MP when they read unknown scrolls.
Jewellery
 o - a ring of protection from cold (left hand)
 D - a ring of positive energy (right hand)
Scrolls
 b - 2 scrolls of enchant armour
 j - 3 scrolls of vulnerability
 m - 3 scrolls of poison
 q - a scroll of immolation {unknown}
 s - 2 scrolls of fog {unknown}
 A - a scroll of identify
 C - a scroll of enchant weapon
Potions
 c - 2 potions of magic {unknown}
 e - a potion of resistance {unknown}
 g - a potion of cancellation {unknown}
 h - 2 potions of degeneration {unknown}
 i - 5 potions of curing {unknown}
 k - a potion of attraction {unknown}
 n - a potion of brilliance {unknown}
 u - 3 potions of might {unknown}
 x - a potion of ambrosia {unknown}
 B - a potion of flight {unknown}


   Skills:
 + Level 2.3 Fighting
 + Level 3.3 Short Blades
 + Level 3.7 Dodging
 + Level 3.7 Stealth
 + Level 7.1 Spellcasting


You couldn't memorise any spells.
You knew the following spells:

 Your Spells              Type           Power      Damage    Failure   Level
a - Magic Dart            Conj           100%       1d8       1%          1
b - Searing Ray           Conj           66%        2d6       1%          2
c - Dazzling Flash        Conj/Hex       66%        N/A       1%          3
d - Fulminant Prism       Conj/Hex       16%        3d11      5%          4
e - Iskenderun's Mystic   Conj/Tloc      33%        2d8       5%          4
f - Summon Small Mammal   Summ           100%       N/A       1%          1
g - Blink                 Tloc           66%        N/A       1%          2
h - Mephitic Cloud        Conj/Pois/Air  33%        N/A       1%          3
i - Animate Dead          Necr           33%        N/A       5%          4
Your spell library was empty.

Dungeon Overview and Level Annotations

Branches:
Dungeon (6/15)
 Temple: D:4-7

Altars:
Dithmenos
Elyvilon
Fedhas
Makhleb
Okawaru
Ru
Trog
Uskayaw
Yredelemnul
Lugonu

Shops:
D:5 *


Innate Abilities, Weirdness & Mutations

You are immune to sickness and miasma.
You are immune to poison.
Your flesh is very heat resistant. (rF++)
You are vulnerable to cold. (rC-)
You float through the air rather than walking.
You learn spells naturally, not from books.
Your magical power is your life essence.
You have superior vitality. (+4 MHP)


Message History

You see here a necrophage corpse.
A hound comes into view.
Casting: Searing Ray (safe; 1% risk of failure)
Confirm with . or Enter, or press ? or * to list all spells.
You don't know that spell.
The magic dart hits the hound but does no damage.
The hound barks!
You hear a shout!
The magic dart hits the hound.
The hound is lightly wounded.
The magic dart hits the hound!
The hound is heavily wounded.
Casting: Magic Dart (safe; 1% risk of failure)
Confirm with . or Enter, or press ? or * to list all spells.
You miscast Iskenderun's Mystic Blast.
You are very lightly contaminated with residual magic.
Nothing appears to happen.
The hound bites you. The hound barely misses you.
Unknown command.
Casting: Iskenderun's Mystic Blast (dangerous; 5% risk of failure)
Confirm with . or Enter, or press ? or * to list all spells.
You erupt in a blast of force!
The mystic blast hits the hound.
The hound is severely wounded.
The hound is knocked back by the mystic blast.
You hear a howl!
Casting: Iskenderun's Mystic Blast (dangerous; 5% risk of failure)
Confirm with . or Enter, or press ? or * to list all spells.
You erupt in a blast of force!
The mystic blast hits the hound!
You kill the hound!
Lugonu accepts your kill.
You hear a shout!
You start resting.
A centaur comes into view.
The centaur wields a +0 shortbow.
The centaur shoots an arrow.
The arrow hits you!
* * * LOW HITPOINT WARNING * * *
A howler monkey comes into view.
You see here a necrophage corpse.
Your magical contamination has completely faded away.
A black bear comes into view.
The centaur shoots an arrow.
The arrow hits you!
You die...

#.. ..... #.# ..... #. c#
####.# #.#.#.# #. .# .##..#
#.#.#.# #. .# #.#..#
#.#.#.# .#.###
##...#####.#.#.# .....
##....≈≈§≈≈.#.# #..#
##...≈###≈...#########..#
#.##.§+ #≈.#..@.....†c.†#
##.#
##≈###≈.########h##.†......
#.# #§≈≈≈≈## #.##........
.# ###.### #.#.###h###. .#
#.# #..# #.# # #.# #.. .#
#.# ##.# # ..# #. ###


You could see a black bear (wandering) and a centaur.

Vanquished Creatures
  2 water moccasins
  3 ice beasts
  An orc warrior (D:5)
  A black bear (D:5)
  2 ogres
  2 scorpions
  A necrophage (D:6)
  A jelly (D:6)
  A hound (D:6)
  Crazy Yiuf (D:3)
  2 orc wizards (D:5)
  Natasha (twice) (D:3)
  2 iguanas
  Robin (D:3)
  3 gnolls (D:5)
  7 adders
  2 shadow imps (D:5)
  5 dart slugs
  18 orcs
  3 ball pythons
  5 endoplasms
  5 giant cockroaches
  15 goblins
  9 hobgoblins
  9 kobolds
  4 quokkas
  4 bats
  2 frilled lizards
  4 rats
117 creatures vanquished.

Vanquished Creatures (others)
  21 fulminant prisms
21 creatures vanquished.

Grand Total: 138 creatures vanquished

Notes
Turn   | Place    | Note
-------+----------+-------------------------------------------
     0 | D:1      | javelincjr the Djinni Conjurer began the quest for the Orb.
     0 | D:1      | javelincjr set off with the following spells memorised:
                  | Magic Dart, Searing Ray, Dazzling Flash, Fulminant Prism,
                  | Iskenderun's Mystic Blast.
     0 | D:1      | Reached XP level 1. HP: 15/15 MP: 0/0
     6 | D:1      | Found a faded altar of an unknown god.
    58 | D:1      | Prayed at the altar of an unknown god.
    58 | D:1      | Became a worshipper of Lugonu the Unformed
    58 | D:1      | Reached * piety under Lugonu
    58 | D:1      | Reached ** piety under Lugonu
   276 | D:1      | Reached XP level 2. HP: 21/21 MP: 0/0
  1033 | D:2      | Reached XP level 3. HP: 23/25 MP: 0/0
  1033 | D:2      | Learned a level 1 spell: Summon Small Mammal
  1396 | D:2      | Reached skill level 4 in Spellcasting
  1682 | D:2      | Reached XP level 4. HP: 30/31 MP: 0/0
  2654 | D:3      | Found a runed translucent door.
  2655 | D:3      | Noticed Crazy Yiuf
  2721 | D:3      | Reached *** piety under Lugonu
  2759 | D:3      | Reached XP level 5. HP: 24/35 MP: 0/0
  2759 | D:3      | Learned a level 2 spell: Blink
  3191 | D:3      | Noticed Natasha
  3197 | D:3      | Killed Natasha
  3322 | D:3      | Noticed Robin
  3779 | D:3      | Killed Robin
  3890 | D:3      | Noticed Natasha
  3897 | D:3      | Killed Natasha
  3898 | D:3      | Reached XP level 6. HP: 29/41 MP: 0/0
  4062 | D:3      | Killed Crazy Yiuf
  4063 | D:3      | Reached skill level 1 in Short Blades
  4074 | D:3      | Identified a scroll of acquirement
  4077 | D:3      | Acquired 869 gold pieces
  4605 | D:4      | Reached skill level 5 in Spellcasting
  4978 | D:4      | Found an iron altar of Okawaru.
  4981 | D:4      | Found a burning altar of Makhleb.
  4985 | D:4      | Found a blossoming altar of Fedhas.
  4985 | D:4      | Found a sacrificial altar of Ru.
  4985 | D:4      | Found a shadowy altar of Dithmenos.
  4986 | D:4      | Found a white marble altar of Elyvilon.
  4987 | D:4      | Found a hide-covered altar of Uskayaw.
  4990 | D:4      | Found a basalt altar of Yredelemnul.
  5163 | D:5      | Entered Level 5 of the Dungeon
  5163 | D:5      | Noticed a black bear
  5168 | D:5      | Killed a black bear
  5169 | D:5      | Reached skill level 1 in Fighting
  5169 | D:5      | Reached XP level 7. HP: 30/47 MP: 0/0
  5169 | D:5      | Learned a level 3 spell: Mephitic Cloud
  5634 | D:5      | Reached skill level 6 in Spellcasting
  5634 | D:5      | Reached XP level 8. HP: 10/52 MP: 0/0
  5974 | D:5      | Found Pokivuast's Lightly-Used Armoury.
  6039 | D:5      | Reached **** piety under Lugonu
  6040 | D:5      | Found the +1 Delatra's gloves {ID++}
  6156 | D:5      | Found a bloodstained altar of Trog.
  6876 | D:6      | Reached skill level 7 in Spellcasting
  6876 | D:6      | Reached XP level 9. HP: 45/58 MP: 0/0
  6876 | D:6      | Learned a level 4 spell: Animate Dead
  6897 | D:6      | Shot with an arrow by a centaur

Illustrated notes

Levels and vault maps discovered:
D:1:      wander_arrival_desolate, layout_basic, basic_ecumenical_altar
D:2:      layout_basic, minivault_27, grunt_ministairs_1,
          minmay_misc_feat_diagonals, kennysheep_generic_room_8
D:3:      layout_loops_cross, uniq_robin, uniq_natasha, uniq_crazy_yiuf_cottage
D:4:      layout_basic, minitemple, minmay_crystal_water
D:5:      lemuel_ice_spiral_2, layout_rooms, trog_hazing_becter,
          minmay_shop_damaged, pf_guarded_unrand_delatra
D:6:      layout_loops_ring, serial_shops, kennysheep_mini_moat, uniq_maggie,
          uniq_grinder

Skill      XL: |  1  2  3  4  5  6  7  8 |
---------------+-------------------------+-----
Spellcasting   | 4 5 6 7 |  7.1
Stealth        | 2 3 |  3.7
Short Blades   | 1 2 3 |  3.3
Fighting       | 1 2 |  2.3
Dodging        | 3 |  3.7

Action                   |  1- 3 |  4- 6 |  7- 9 || total
-------------------------+-------+-------+-------++-------
Melee: Dagger            |    31 |     3 |       ||    34
       Short sword       |       |    27 |     8 ||    35
 Cast: Magic Dart        |    40 |    76 |    27 ||   143
       Searing Ray       |     1 |    14 |     7 ||    22
       Fulminant Prism   |       |     8 |    13 ||    21
       Iskenderun's Myst |       |       |    16 ||    16
       Mephitic Cloud    |       |       |     3 ||     3
       Animate Dead      |       |       |     1 ||     1
  Use: Scroll            |       |     7 |       ||     7
 Stab: Sleeping          |     1 |       |       ||     1
Armor: Robe              |    11 |    12 |     6 ||    29
Dodge: Dodged            |    20 |    21 |    13 ||    54
